PR
TULSA OTTERS @ GIBTOWN ELEPHANTS
08/29/2032
 
TOP OF THE 1ST
Tulsa Otters batting - Pitching for Gibtown Elephants : RHP Francisco Santos
Pitching: RHP Francisco Santos
Batting: RHB Pat Hopkins 0-0: Bunted foul
0-1: Ball
1-1: Foul Ball, location: 2F
1-2: Ball
2-2: Strikes out swinging
Batting: RHB Brian Rowe 0-0: Foul Ball, location: 2F
0-1: Foul Ball, location: 2F
0-2: Ground out 5-3 (Groundball, 56)
Batting: RHB Michel Morand 0-0: Ball
1-0: Called Strike
1-1: Ground out 6-3 (Groundball, 6M)
Top of the 1st over - 0 runs, 0 hits, 0 errors, 0 left on base; Tulsa 0 - Gibtown 0
BOTTOM OF THE 1ST
Gibtown Elephants batting - Pitching for Tulsa Otters : LHP Mike Joyce
Pitching: LHP Mike Joyce
Batting: SHB Daniel Brewer 0-0: Swinging Strike
0-1: Ball
1-1: Foul Ball, location: 2F
1-2: Ball
2-2: Strikes out swinging
Batting: LHB Ramón Fernández 0-0: Ball
1-0: Ball
2-0: Ground out U3 (Groundball, 3)
Batting: RHB Tae-wan Park 0-0: Called Strike
0-1: Fly out, F2 (Popup, 23F)
Bottom of the 1st over - 0 runs, 0 hits, 0 errors, 0 left on base; Tulsa 0 - Gibtown 0
TOP OF THE 2ND
Tulsa Otters batting - Pitching for Gibtown Elephants : RHP Francisco Santos
Batting: RHB Louis Chevrolet 0-0: Ball
1-0: Fly out, F8 (Flyball, 8RD)
Batting: SHB Naif Na'Il bin Musa 0-0: Foul Ball, location: 2F
0-1: Swinging Strike
0-2: Foul Ball, location: 2F
0-2: Strikes out swinging
Batting: RHB Kristoffer Melin 0-0: DOUBLE (Flyball, 78D)
Batting: RHB Charlie Passell 0-0: Ball
1-0: Called Strike
1-1: Ball
2-1: Foul Ball, location: 2F
2-2: Ball
3-2: Base on Balls
Batting: RHB Jaypee Layug 0-0: Ball
1-0: Foul Ball, location: 2F
1-1: Reached on error, E5 (Groundball, 56)
Kristoffer Melin to third
Charlie Passell to second
Batting: RHB Jim Schroeder 0-0: Called Strike
0-1: Ball
1-1: Fielders Choice at 2nd, 6-4 (Groundball, 6)
Top of the 2nd over - 0 runs, 1 hit, 1 error, 3 left on base; Tulsa 0 - Gibtown 0
BOTTOM OF THE 2ND
Gibtown Elephants batting - Pitching for Tulsa Otters : LHP Mike Joyce
Batting: RHB Tae-gyoon Ch'oe 0-0: Ball
1-0: Ball
2-0: Called Strike
2-1: Called Strike
2-2: Ball
3-2: Base on Balls
Batting: RHB Luis Romero 0-0: Foul Ball, location: 2F
0-1: Foul Ball, location: 2F
0-2: Reached on error, E5 (Groundball, 56)
Tae-gyoon Ch'oe to second
Batting: RHB Troy Flynn 0-0: Fly out, F8 (Flyball, 8LD)
Batting: SHB Wren Driscoll 0-0: SINGLE (Groundball, 6MD)
Tae-gyoon Ch'oe to third
Luis Romero to second
Runner from 3rd tries for Home, SAFE, no throw
Batting: LHB Kevin McIndeor 0-0: Called Strike
0-1: Foul Ball, location: 2F
0-2: Foul Ball, location: 2F
0-2: Ball
1-2: Foul Ball, location: 2F
1-2: Ball
2-2: 3-RUN HOME RUN (Flyball, 9D), Distance : 406 ft
Batting: LHB Bruce Webster 0-0: Called Strike
0-1: Foul Ball, location: 2F
0-2: Ball
1-2: Ball
2-2: Foul Ball, location: 2F
2-2: Foul Ball, location: 2F
2-2: Fly out, F9 (Flyball, 9)
Batting: SHB Daniel Brewer 0-0: Ball
1-0: Called Strike
1-1: Foul Ball, location: 2F
1-2: Ground out 5-3 (Groundball, 56)
Bottom of the 2nd over - 4 runs, 2 hits, 1 error, 0 left on base; Tulsa 0 - Gibtown 4
TOP OF THE 3RD
Tulsa Otters batting - Pitching for Gibtown Elephants : RHP Francisco Santos
Batting: RHB Pat Hopkins 0-0: Swinging Strike
0-1: Swinging Strike
0-2: Foul Ball, location: 2F
0-2: Foul Ball, location: 2F
0-2: Ball
1-2: Strikes out swinging
Batting: RHB Brian Rowe 0-0: Called Strike
0-1: Ball
1-1: Called Strike
1-2: Ball
2-2: Foul Ball, location: 2F
2-2: SINGLE (Groundball, 6MD)
Batting: RHB Michel Morand 0-0: Ball
1-0: Foul Ball, location: 2F
1-1: Ball
2-1: DOUBLE (Line Drive, 8LD)
Brian Rowe to third
Batting: RHB Louis Chevrolet 0-0: Foul Ball, location: 2F
0-1: Called Strike
0-2: Foul Ball, location: 2F
0-2: Ball
1-2: SINGLE (Groundball, 56D)
Brian Rowe scores
Michel Morand to third
Runner from 3rd tries for Home, SAFE, throw made home
Batting: SHB Naif Na'Il bin Musa 0-0: Ball
1-0: Ball
2-0: Foul Ball, location: 2F
2-1: Ball
3-1: Foul Ball, location: 2F
3-2: Foul Ball, location: 2F
3-2: SINGLE (Flyball, 9S)
Louis Chevrolet to second
Runner from 2nd tries for 3rd, SAFE, no throw
Batting: RHB Kristoffer Melin 0-0: Swinging Strike
0-1: SINGLE (Groundball, 5D)
Louis Chevrolet scores
Naif Na'Il bin Musa to second
Batting: RHB Charlie Passell 0-0: Fly out, F7 (Flyball, 78M)
Batting: RHB Jaypee Layug 0-0: Ball
1-0: Swinging Strike
1-1: Swinging Strike
1-2: Strikes out looking
Top of the 3rd over - 3 runs, 5 hits, 0 errors, 2 left on base; Tulsa 3 - Gibtown 4
BOTTOM OF THE 3RD
Gibtown Elephants batting - Pitching for Tulsa Otters : LHP Mike Joyce
Batting: LHB Ramón Fernández 0-0: Ball
1-0: Fly out, F8 (Flyball, 8RD)
Batting: RHB Tae-wan Park 0-0: Ground out U3 (Groundball, 3L)
Batting: RHB Tae-gyoon Ch'oe 0-0: Ball
1-0: Foul Ball, location: 2F
1-1: Ball
2-1: Ball
3-1: Base on Balls
Batting: RHB Luis Romero 0-0: Ball
1-0: DOUBLE (Flyball, 89D)
Tae-gyoon Ch'oe to third
Batting: RHB Troy Flynn 0-0: Ball
1-0: Foul Ball, location: 2F
1-1: Ball
2-1: Ball
3-1: Base on Balls
Batting: SHB Wren Driscoll 0-0: Foul Ball, location: 2F
0-1: Called Strike
0-2: Strikes out looking
Bottom of the 3rd over - 0 runs, 1 hit, 0 errors, 3 left on base; Tulsa 3 - Gibtown 4
TOP OF THE 4TH
Tulsa Otters batting - Pitching for Gibtown Elephants : RHP Francisco Santos
Batting: RHB Jim Schroeder 0-0: Foul Ball, location: 2F
0-1: Ground out 6-3 (Groundball, 6)
Batting: RHB Pat Hopkins 0-0: Bunt missed!
0-1: Ball
1-1: Swinging Strike
1-2: Ball
2-2: Ball
3-2: Strikes out swinging
Batting: RHB Brian Rowe 0-0: Called Strike
0-1: Ball
1-1: Swinging Strike
1-2: Foul Ball, location: 2F
1-2: Ball
2-2: Ball
3-2: Fly out, F3 (Popup, 3SF)
Top of the 4th over - 0 runs, 0 hits, 0 errors, 0 left on base; Tulsa 3 - Gibtown 4
BOTTOM OF THE 4TH
Gibtown Elephants batting - Pitching for Tulsa Otters : LHP Mike Joyce
Batting: LHB Kevin McIndeor 0-0: Swinging Strike
0-1: Swinging Strike
0-2: Ball
1-2: Ball
2-2: Ball
3-2: Ground out 4-3 (Groundball, 4)
Batting: LHB Bruce Webster 0-0: Fly out, F7 (Flyball, 7S)
Batting: SHB Daniel Brewer 0-0: Ball
1-0: Foul Ball, location: 2F
1-1: Foul Ball, location: 2F
1-2: Strikes out swinging
Bottom of the 4th over - 0 runs, 0 hits, 0 errors, 0 left on base; Tulsa 3 - Gibtown 4
TOP OF THE 5TH
Tulsa Otters batting - Pitching for Gibtown Elephants : RHP Francisco Santos
Batting: RHB Michel Morand 0-0: Ground out 6-3 (Groundball, 6)
Batting: RHB Louis Chevrolet 0-0: Called Strike
0-1: Ground out 3-1 (Groundball, 34S)
Batting: SHB Naif Na'Il bin Musa 0-0: Swinging Strike
0-1: Ball
1-1: Foul Ball, location: 2F
1-2: Strikes out swinging
Top of the 5th over - 0 runs, 0 hits, 0 errors, 0 left on base; Tulsa 3 - Gibtown 4
BOTTOM OF THE 5TH
Gibtown Elephants batting - Pitching for Tulsa Otters : LHP Mike Joyce
Batting: LHB Ramón Fernández 0-0: Foul Ball, location: 2F
0-1: Foul Ball, location: 2F
0-2: Ball
1-2: SINGLE (Groundball, 4D)
Batting: RHB Tae-wan Park 0-0: Fly out, F9 (Flyball, 89S)
Batting: RHB Tae-gyoon Ch'oe 0-0: Foul Ball, location: 2F
0-1: Ball
1-1: Swinging Strike
1-2: Foul Ball, location: 2F
1-2: DOUBLE (Line Drive, 7D)
Ramón Fernández to third
Batting: RHB Luis Romero 0-0: Ball
1-0: Ball
2-0: Fly out, F8 (Flyball, 8LD)
Runner from 3rd tags up, SCORES, no throw
Batting: RHB Troy Flynn 0-0: Ball
1-0: Ball
2-0: Ball
3-0: Called Strike
3-1: Called Strike
3-2: Base on Balls
Batting: SHB Wren Driscoll 0-0: Called Strike
0-1: Ball
1-1: Swinging Strike
1-2: Ball
2-2: Ball
3-2: Strikes out looking
Bottom of the 5th over - 1 run, 2 hits, 0 errors, 2 left on base; Tulsa 3 - Gibtown 5
TOP OF THE 6TH
Tulsa Otters batting - Pitching for Gibtown Elephants : RHP Francisco Santos
Batting: RHB Kristoffer Melin 0-0: Called Strike
0-1: Foul Ball, location: 2F
0-2: DOUBLE (Line Drive, 89D)
Batting: RHB Charlie Passell 0-0: Ball
1-0: Called Strike
1-1: Swinging Strike
1-2: Foul Ball, location: 2F
1-2: Strikes out swinging
Batting: RHB Jaypee Layug 0-0: Foul Ball, location: 2F
0-1: Ground out 4-3 (Groundball, 4D)
Kristoffer Melin to third
Batting: RHB Jim Schroeder 0-0: Ball
1-0: Swinging Strike
1-1: Called Strike
1-2: Ball
2-2: Ball
3-2: Strikes out swinging
Top of the 6th over - 0 runs, 1 hit, 0 errors, 1 left on base; Tulsa 3 - Gibtown 5
BOTTOM OF THE 6TH
Gibtown Elephants batting - Pitching for Tulsa Otters : LHP Mike Joyce
Batting: LHB Kevin McIndeor 0-0: Called Strike
0-1: Bunt missed!
0-2: Ball
1-2: Ball
2-2: Foul Ball, location: 2F
2-2: Ball
3-2: Ground out U3 (Groundball, 3)
Pitching: RHP Manuel Nieves
Batting: LHB Bruce Webster 0-0: Ball
1-0: Called Strike
1-1: Swinging Strike
1-2: Foul Ball, location: 2F
1-2: Ball
2-2: Strikes out swinging
Batting: SHB Daniel Brewer 0-0: Swinging Strike
0-1: SINGLE (Groundball, 4) (infield hit)
Batting: LHB Ramón Fernández 0-0: SINGLE (Line Drive, 34D)
Daniel Brewer to second
Runner from 2nd tries for 3rd, SAFE, no throw
Batting: RHB Tae-wan Park 0-0: Ball
1-0: Foul Ball, location: 2F
1-1: Fielders Choice at 2nd, 6-4 (Groundball, 6)
Bottom of the 6th over - 0 runs, 2 hits, 0 errors, 2 left on base; Tulsa 3 - Gibtown 5
TOP OF THE 7TH
Tulsa Otters batting - Pitching for Gibtown Elephants : RHP Francisco Santos
Pitching: RHP Paco Garza
Batting: RHB Pat Hopkins 0-0: Ball
1-0: DOUBLE (Line Drive, 89D)
Batting: RHB Brian Rowe 0-0: Ball
1-0: Ball
2-0: Foul Ball, location: 2F
2-1: Called Strike
2-2: Foul Ball, location: 2F
2-2: Foul Ball, location: 2F
2-2: Strikes out swinging
Batting: RHB Michel Morand 0-0: Called Strike
0-1: Ground out 3-1 (Groundball, 34S)
Pat Hopkins to third
Batting: RHB Louis Chevrolet 0-0: Ball
1-0: Ball
2-0: Called Strike
2-1: Foul Ball, location: 2F
2-2: Strikes out swinging
Top of the 7th over - 0 runs, 1 hit, 0 errors, 1 left on base; Tulsa 3 - Gibtown 5
BOTTOM OF THE 7TH
Gibtown Elephants batting - Pitching for Tulsa Otters : RHP Manuel Nieves
Batting: RHB Tae-gyoon Ch'oe 0-0: Called Strike
0-1: Foul Ball, location: 2F
0-2: Ball
1-2: Ball
2-2: Ball
3-2: SINGLE (Line Drive, 89S)
Batting: RHB Luis Romero 0-0: Foul Ball, location: 2F
0-1: Hit by Pitch
Tae-gyoon Ch'oe to second
Batting: RHB Troy Flynn 0-0: Called Strike
0-1: Fly out, F7 (Flyball, 78D)
Batting: SHB Wren Driscoll 0-0: Called Strike
0-1: Fly out, F5 (Line Drive, 56)
Batting: LHB Kevin McIndeor 0-0: Fly out, F5 (Popup, 15)
Bottom of the 7th over - 0 runs, 1 hit, 0 errors, 2 left on base; Tulsa 3 - Gibtown 5
TOP OF THE 8TH
Tulsa Otters batting - Pitching for Gibtown Elephants : RHP Paco Garza
Batting: SHB Naif Na'Il bin Musa 0-0: Ball
1-0: Foul Ball, location: 2F
1-1: Ball
2-1: Ball
3-1: Base on Balls
Batting: RHB Kristoffer Melin 0-0: Ball
1-0: Called Strike
1-1: Reached on error, E4 (Groundball, 4)
Naif Na'Il bin Musa to second
Pinch Hitting: RHB David Snider 0-0: Called Strike
0-1: Sac Bunt - play at first, batter OUT! 1-3
Naif Na'Il bin Musa to third
Kristoffer Melin to second
Pinch Hitting: RHB Lloyd Solleveld 0-0: Ground out 1-3 (Groundball, 13S)
Pinch Hitting: SHB Mathis Bonnet 0-0: Called Strike
0-1: Called Strike
0-2: Ball
1-2: Ball
2-2: Foul Ball, location: 2F
2-2: Strikes out swinging
Top of the 8th over - 0 runs, 0 hits, 1 error, 2 left on base; Tulsa 3 - Gibtown 5
BOTTOM OF THE 8TH
Gibtown Elephants batting - Pitching for Tulsa Otters : RHP Manuel Nieves
Now at 1B: Mathis Bonnet
Now at 3B: Fernando Flores
Now in LF: Lloyd Solleveld
Batting: LHB Bruce Webster 0-0: Ball
1-0: Foul Ball, location: 2F
1-1: SINGLE (Flyball, 8LS)
Batting: SHB Daniel Brewer 0-0: Swinging Strike
0-1: Ball
1-1: Ball
2-1: SINGLE (Groundball, 5L) (infield hit)
Bruce Webster to second
Pinch Hitting: RHB Francis Raffone 0-0: Ball
1-0: Bunted foul
1-1: Sac Bunt - play at first, batter OUT! 1-4
Bruce Webster to third
Daniel Brewer to second
Batting: RHB Tae-wan Park 0-0: Swinging Strike
0-1: Ball
1-1: Ball
2-1: SINGLE (Line Drive, 34D)
Bruce Webster scores
Daniel Brewer to third
Batting: RHB Tae-gyoon Ch'oe 0-0: Called Strike
0-1: Ball
1-1: SINGLE (Line Drive, 8LS)
Daniel Brewer scores
Tae-wan Park to second
Pitching: LHP Javier Cortéz
Batting: RHB Luis Romero 0-0: Foul Ball, location: 2F
0-1: Fly out, F8 (Flyball, 8LS)
Batting: RHB Troy Flynn 0-0: Called Strike
0-1: Ball
1-1: Reached on error, E8 (Flyball, 89D)
Tae-wan Park scores
Tae-gyoon Ch'oe to third
Batting: SHB Wren Driscoll 0-0: Called Strike
0-1: Called Strike
0-2: Foul Ball, location: 2F
0-2: Foul Ball, location: 2F
0-2: Ball
1-2: Foul Ball, location: 2F
1-2: Fly out, F6 (Popup, 6MS)
Bottom of the 8th over - 3 runs, 4 hits, 1 error, 2 left on base; Tulsa 3 - Gibtown 8
TOP OF THE 9TH
Tulsa Otters batting - Pitching for Gibtown Elephants : RHP Paco Garza
Now at C: Hildo Aldershoff
Now in LF: Francis Raffone
Batting: RHB Pat Hopkins 0-0: Called Strike
0-1: Ball
1-1: Swinging Strike
1-2: Hit by Pitch
Batting: RHB Brian Rowe 0-0: Ball
1-0: Ball
2-0: Ball
3-0: Called Strike
3-1: Base on Balls
Pat Hopkins to second
Batting: RHB Michel Morand 0-0: Called Strike
0-1: DOUBLE (Groundball, 5L)
Pat Hopkins scores
Brian Rowe to third
Pitching: LHP Stewart Cartwright
Batting: RHB Louis Chevrolet 0-0: Called Strike
0-1: Ball
1-1: Ball
2-1: Ball
3-1: Fly out, F8 (Flyball, 8RD)
Runner from 3rd tags up, SCORES, no throw
Batting: SHB Naif Na'Il bin Musa 0-0: Ground out 4-3 (Groundball, 4)
Michel Morand to third
Batting: RHB Kristoffer Melin 0-0: Fly out, F8 (Line Drive, 89D)
Top of the 9th over - 2 runs, 1 hit, 0 errors, 1 left on base; Tulsa 5 - Gibtown 8
Wednesday, September 19th, 2018 - OOTP Baseball 18.8 Build 76